 Dungeon Crawl Stone Soup version 0.29-a0-369-gd956c00756 (webtiles) character file.

Game seed: 11525469244288818525

1028 Antichthon the Covered (level 8, -1/48 HPs)
             Began as a Gargoyle Fighter on May 2, 2022.
             Was an Initiate of the Shining One.
             Slain by a river rat (4 damage)
             ... summoned by Eustachio
             ... on level 5 of the Dungeon.
             The game lasted 00:07:44 (5351 turns).

Antichthon the Covered (Gargoyle Fighter)           Turns: 5351, Time: 00:07:44

Health: -1/48      AC: 22    Str: 23    XL:     8   Next: 23%
Magic:  10/10      EV:  8    Int:  8    God:    the Shining One [......]
Gold:   250        SH:  4    Dex:  9    Spells: 7/7 levels left

rFire   . . .      SeeInvis .   a - +0 flail
rCold   . . .      Faith    .   c - +0 buckler
rNeg    + . .      Spirit   .   n - +0 chain mail
rPois   ∞          Reflect  .   (no helmet)
rElec   +          Harm     .   (no cloak)
rCorr   .          Rampage  .   (no gloves)
Will    .....                   l - +1 pair of boots
Stlth   ..........              f - amulet of the acrobat
HPRegen 0.16/turn               i - +4 ring of protection
MPRegen 0.12/turn               (no ring)

@: mighty, glowing, studying Armour
A: sickness immunity, AC +5, negative energy resistance 1, electricity
resistance, torment resistance 1, petrification resistance
a: Renounce Religion


You were on level 5 of the Dungeon.
You worshipped the Shining One.
The Shining One was noncommittal.
You visited 2 branches of the dungeon, and saw 6 of its levels.
You also visited: Sewer.

You collected 250 gold pieces.

Inventory:

Hand Weapons
 a - a +0 flail (weapon)
Armour
 c - a +0 buckler (worn)
 l - a +1 pair of boots (worn)
 n - a +0 chain mail (worn)
Jewellery
 f - an amulet of the acrobat (around neck)
 i - a +4 ring of protection (left hand)
 o - an amulet of regeneration
Wands
 e - a wand of iceblast (11)
Scrolls
 m - 3 scrolls of teleportation
Potions
 b - a potion of curing {unknown}
 d - 2 potions of might
 g - 2 potions of magic
 h - a potion of flight
 j - a potion of mutation
 k - a potion of berserk rage {unknown}
 p - 2 potions of attraction
 q - a potion of haste {unknown}
 r - a potion of brilliance {unknown}


   Skills:
 * Level 4.8 Fighting
 * Level 5.7 Maces & Flails
 * Level 6.0 Armour
 * Level 2.3 Dodging
 * Level 4.7 Shields
 * Level 2.8 Invocations


You had 7 spell levels left.
You didn't know any spells.
Your spell library contained the following spells:

 Spells                   Type           Power      Damage    Failure   Level
 Magic Dart               Conj           0%         1d3       98%         1
 Sandblast                Erth           0%         2d4       98%         1
 Call Imp                 Summ           0%         N/A       99%         2
 Passwall                 Tmut/Erth      0%         N/A       99%         2
 Static Discharge         Conj/Air       0%         N/A       99%         2
 Mephitic Cloud           Conj/Pois/Air  0%         N/A       100%        3
 Stone Arrow              Conj/Erth      0%         3d7       100%        3
 Lightning Bolt           Conj/Air       0%         1d11      100%        5
 Maxwell's Capacitive Co  Air            0%         ∞         100%        8


Dungeon Overview and Level Annotations

Branches:
Dungeon (5/15)             Temple (1/1) D:4           Sewer (visited)

Altars:
The Shining One

Annotations:
D:5 Eustachio


Innate Abilities, Weirdness & Mutations

You are immune to sickness and miasma.
Your stone body is resilient. (AC +5)
You are immune to poison.
You resist negative energy. (rN+)
You are resistant to electric shocks. (rElec)
You are resistant to unholy torment.
You are immune to petrification.


Message History

The river rat closely misses you.
The quokka bites you but does no damage.
Eustachio barely misses you.
You closely miss Eustachio.
Eustachio is moderately wounded.
The river rat barely misses you. The quokka closely misses you.
Eustachio casts a spell.
You hit Eustachio.
Eustachio is heavily wounded.
The river rat twitches its whiskers.
The river rat closely misses you.
The quokka bites you but does no damage.
Eustachio mumbles some strange words.
The crimson imp blinks!
The river rat bites you but does no damage.
The quokka bites you but does no damage.
Okay, then.
You barely miss Eustachio.
Eustachio is heavily wounded.
The quokka disappears in a puff of smoke!
Eustachio hits you with a +0 falchion.
* * * LOW HITPOINT WARNING * * *
The river rat bites you.
* * * LOW HITPOINT WARNING * * *
Okay, then.
You hit Eustachio but do no damage.
Eustachio is heavily wounded.
Eustachio misses you. The river rat barely misses you.
Unknown command.
Unknown command.
You feel very mighty all of a sudden. Eustachio hits you with a +0 falchion.
* * * LOW HITPOINT WARNING * * *
The river rat bites you but does no damage.
Unknown command.
You miss Eustachio.
Eustachio is heavily wounded.
Eustachio casts a spell.
Eustachio blinks!
The crimson imp blinks!
The river rat bites you.
You die...

#........#### #.#.....
#........'..# #.#....
#........##.# .....
#........##.# #...
#........##.# ..###########
#........##.######.##.........
#........##....r§..##......?..
#........######r##§.#.........
######### #.@5..†(........
####.5..$[...?..
#....5..........
#...............
.......#........[.
..................
....##............ ####
#....>..##### #[......#


You could see an iron imp (summoned), 2 crimson imps, a river rat (summoned) and
a quokka (summoned).

Vanquished Creatures
  Prince Ribbit (D:5)
  A black bear (D:2)
  An ogre (D:4)
  A phantom (D:5)
  A necrophage (D:4)
  A scorpion (D:5)
  A howler monkey (D:5)
  A hound (D:2)
  An orc priest (D:4)
  A jelly (D:4)
  4 iguanas
  An orc wizard (D:4)
  A hell rat (Sewer)
  7 adders
  2 river rats (Sewer)
  A white imp (D:3)
  A worm (D:2)
  A dart slug (D:4)
  4 orcs
  10 endoplasms
  4 giant cockroaches
  10 hobgoblins
  3 jackals (D:1)
  8 quokkas
  10 ball pythons
  4 bats (D:1)
  5 frilled lizards
  3 goblins
  9 kobolds
  9 rats
107 creatures vanquished.

Notes
Turn   | Place    | Note
-------+----------+-------------------------------------------
     0 | D:1      | Antichthon the Gargoyle Fighter began the quest for the
                  | Orb.
     0 | D:1      | Reached XP level 1. HP: 14/14 MP: 1/1
   287 | D:1      | Reached XP level 2. HP: 18/19 MP: 2/2
   997 | D:1      | Reached XP level 3. HP: 22/23 MP: 3/3
  1080 | D:1      | Found a faded altar of an unknown god.
  1499 | D:2      | Reached XP level 4. HP: 18/29 MP: 4/4
  1511 | D:2      | Reached skill level 1 in Invocations
  1838 | D:2      | Noticed a black bear
  1843 | D:2      | Killed a black bear
  1844 | D:2      | Reached skill level 4 in Armour
  1844 | D:2      | Reached skill level 1 in Dodging
  1844 | D:2      | Reached XP level 5. HP: 29/33 MP: 4/6
  1899 | D:2      | You fall into a shaft and drop 1 floor!
  2447 | D:3      | Reached XP level 6. HP: 38/38 MP: 7/7
  2512 | D:3      | Found a glowing drain.
  2516 | Sewer    | Entered a sewer
  4005 | D:4      | Found a staircase to the Ecumenical Temple.
  4023 | Temple   | Entered the Ecumenical Temple
  4060 | Temple   | Became a worshipper of the Shining One
  4161 | D:4      | Reached XP level 7. HP: 38/43 MP: 8/8
  4566 | D:4      | Reached skill level 5 in Armour
  4743 | D:5      | Entered Level 5 of the Dungeon
  4744 | D:5      | Noticed Prince Ribbit
  4750 | D:5      | Killed Prince Ribbit
  4751 | D:5      | Reached skill level 5 in Maces & Flails
  4967 | D:5      | Identified a scroll of acquirement
  4967 | D:5      | Acquired a manual of Armour
  4984 | D:5      | Reached XP level 8. HP: 38/48 MP: 8/10
  5312 | D:5      | Noticed Eustachio
  5339 | D:5      | Reached skill level 6 in Armour
  5351 | D:5      | Slain by a river rat

Illustrated notes

Levels and vault maps discovered:
D:1:      minmay_arrival_open_corners, layout_basic, serial_co_window_serial,
          co_window_paths_a, co_window_corner_a, co_window_paths_a,
          co_window_paths_b, co_window_paths_a, co_window_paths_a,
          co_window_unsneaky_path_c, co_window_unsneaky_path_a,
          co_window_broadway_c, co_window_corner_ca, glass_columns_a,
          glass_columns_a, glass_columns_a, glass_columns_b,
          basic_ecumenical_altar
D:2:      layout_loops_ring, kennysheep_flooded_box
D:3:      layout_basic, gup_sewer_entry_spiral
D:4:      layout_gridville, minmay_temple_entry_mini_moons
D:5:      layout_basic, uniq_prince_ribbit1, uniq_edmund, uniq_eustachio
Temple:   mainiacjoe_temple_trianglar_array

Skill      XL: |  1  2  3  4  5  6  7  8 |
---------------+-------------------------+-----
Maces & Flails | 3 4 5 |  5.7
Invocations    | 1 2 |  2.8
Armour         | 4 5 6 |  6.0
Dodging        | 1 2 |  2.3
Fighting       | 4 |  4.8
Shields        | 4 |  4.7

Action                   |  1- 3 |  4- 6 |  7- 9 || total
-------------------------+-------+-------+-------++-------
Melee: Flail             |   135 |   174 |   102 ||   411
  Use: Scroll            |     5 |     9 |     2 ||    16
       Potion            |     1 |       |     1 ||     2
Armor: Scale mail        |   133 |    53 |       ||   186
       Chain mail        |       |    38 |    76 ||   114
Dodge: Dodged            |   107 |    79 |    63 ||   249
Block: Buckler           |    44 |    46 |    32 ||   122

Table legend: (Time is in decaauts)
 A = Elapsed time spent in this place.
 B = Non-inter-level travel time spent in this place.
 C = Inter-level travel time spent in this place.
 D = Time resting spent in this place.
 E = Time spent auto-exploring this place.
 F = Levels seen in this place.
 G = Mean time per level.
                   A        B        C        D        E       F      G
               +--------+--------+--------+--------+--------+-----+--------+
         Total |   5512 |   5342 |    170 |      0 |   3890 |   7 |  787.4 |
       Dungeon |   5317 |   5172 |    145 |      0 |   3830 |   5 | 1063.4 |
        Temple |     62 |     37 |     25 |      0 |     33 |   1 |   62.0 |
         Sewer |    131 |    131 |      0 |      0 |     26 |   1 |  131.0 |
               +--------+--------+--------+--------+--------+-----+--------+

Top non-repeatable levels by time:
     D:3: 1290 daAuts
     D:4: 1162 daAuts
     D:1: 1161 daAuts
     D:2: 1085 daAuts
     D:5: 618 daAuts
   Sewer: 131 daAuts
  Temple: 62 daAuts
